cohdb
Replays
Latest Replays
All Replays
Popular Replays
Top Player Replays
Match Explorer
How It Works
Community
CoH3 Stats
Reddit
Sign in to upload your games and track your stats! →
Sign in with Steam
Match 46175215
Unlisted
Match 46175215
Overview
Messages
Build Orders
End
Royal Engineer Section
Construct Section Command Post
Infantry Section
Infantry Section
Vickers Machine Gun Team
Construct Field Infirmary
Construct Platoon Command Post
Selects Indian Artillery Battlegroup
Selects Valour
Humber Armored Car
Grenade Package
Selects Gurkha Rifles Section
Selects Artillery Saturation
Unlock M3 Stuart Light Tanks
Vickers Machine Gun Team
M3 Stuart Light Tank
Selects Volunteer Infantry
Gurkha Rifles Section
Selects Off-map Airburst Barrage
6-pounder Anti-tank Gun Team
王牌坦克手
oziligath
0
0
Comments
sign in to comment!
No comments posted yet!